 Dungeon Crawl Stone Soup version 0.26.1-11-gd32895ea62 (webtiles) character file.

Game seed: 2520807504867518511

207 PedroKMD the Bolt Thrower (level 5, -1/41 HPs)
             Began as a Hill Orc Arcane Marksman on June 25, 2021.
             Slain by Crazy Yiuf
             ... wielding a +3 quarterstaff of chaos
              (6 damage)
             ... on level 2 of the Dungeon.
             The game lasted 00:07:49 (2450 turns).

PedroKMD the Bolt Thrower (HOAM)                    Turns: 2450, Time: 00:07:50

Health: -1/41      AC:  4    Str: 13    XL:     5   Next: 85%
Magic:  4/6        EV: 12    Int: 13    God:
Gold:   92         SH:  0    Dex: 12    Spells: 3/6 levels left

rFire    . . .     SeeInvis .   n - +1 short sword (venom)
rCold    . . .     Faith    .   (no shield)
rNeg     . . .     Spirit   .   e - +0 robe
rPois    .         Reflect  .   i - +0 helmet
rElec    .         Harm     .   (no cloak)
rCorr    .         Rampage  .   m - +0 pair of gloves
Will     .....                  (no boots)
Stlth    +.........             (no amulet)
HPRegen  0.13/turn              (no ring)
MPRegen  0.10/turn              (no ring)

@: no status effects
A: no striking features
a: no special abilities


You were on level 2 of the Dungeon.
You visited 1 branch of the dungeon, and saw 2 of its levels.

You collected 92 gold pieces.

Inventory:

Hand Weapons
 a - a +0 hand crossbow
 n - a +1 short sword of venom (weapon)
Missiles
 d - 8 bolts
Armour
 e - a +0 robe (worn)
 i - a +0 helmet (worn)
 l - a +0 tower shield
 m - a +0 pair of gloves (worn)
Scrolls
 b - 2 scrolls of remove curse {unknown}
 c - 3 scrolls of identify {unknown}
 f - a scroll of immolation {unknown}
 h - a scroll of teleportation {unknown}
 j - a scroll of enchant weapon {unknown}
 k - a scroll of fog {unknown}


   Skills:
 - Level 2.1 Fighting
 * Level 5.0 Crossbows
 - Level 2.0 Dodging
 - Level 1.0 Spellcasting
 - Level 3.0 Hexes


You had 3 spell levels left.
You knew the following spells:

 Your Spells              Type           Power        Failure   Level
a - Corona                Hex            8%           9%          1
b - Slow                  Hex            8%           12%         2

Your spell library contained the following spells:

 Spells                   Type           Power        Failure   Level
 Inner Flame              Hex/Fire       4%           41%         3
 Portal Projectile        Hex/Tloc       8%           41%         3
 Cause Fear               Hex            4%           63%         4
 Leda's Liquefaction      Hex/Erth       2%           83%         4


Dungeon Overview and Level Annotations

Branches:
Dungeon (2/15)

Altars:
Yredelemnul

Annotations:
D:2 Crazy Yiuf


Message History

Crazy Yiuf hits you with a +3 quarterstaff of chaos.
Crazy Yiuf draws strength from your wounds!
You closely miss Crazy Yiuf.
Crazy Yiuf is heavily wounded.
Crazy Yiuf hits you with a +3 quarterstaff of chaos!
You hit Crazy Yiuf but do no damage.
Crazy Yiuf is poisoned.
Crazy Yiuf is heavily wounded.
Crazy Yiuf hits you with a +3 quarterstaff of chaos!
You are electrocuted!
* * * LOW HITPOINT WARNING * * *
Crazy Yiuf whimpers, "Tosser!
Shower leg mumblescurry."
Crazy Yiuf whimpers, "Rifle arm sallow!"
You aren't carrying any potions.
Okay, then.
Unknown command.
You hit Crazy Yiuf but do no damage.
Crazy Yiuf is severely wounded.
Crazy Yiuf yells, "Spliff agre tortoise!"
Crazy Yiuf hits you with a +3 quarterstaff of chaos.
You die...

#...##########....####.........##
.....................'.........'.
#...##########....####.........#.
##.## ##### #.#.## ##.......##.
########...###.### ##)....###.
......#...((.....# ##...## #.
######....####.#.# ##'## #.
#....# #.#g# #.# #. ♣....♣ ###@#
#.# ## ♣.g.♣♣ ###.# ##.## ♣♣.♣♣
#...# ####...## #### ♣.♣♣ #####
#.......# ...# ♣♣.♣
####.###..##### .### ♣g♣♣
######....# #....... .# ♣♣.♣
#......##.###.###### .# #'#
#########.....# .# ... #####.#


You could see Crazy Yiuf (poisoned).

Vanquished Creatures
  Sigmund (D:2)
  An adder (D:2)
  2 dart slugs (D:1)
  A ball python (D:1)
  3 bats (D:1)
  2 giant cockroaches (D:1)
  3 goblins (D:1)
  4 hobgoblins
  2 frilled lizards
  8 kobolds
  A rat (D:1)
28 creatures vanquished.

Notes
Turn   | Place    | Note
-------+----------+-------------------------------------------
     0 | D:1      | PedroKMD the Hill Orc Arcane Marksman began the quest for
                  | the Orb.
     0 | D:1      | Reached XP level 1. HP: 16/16 MP: 2/2
   159 | D:1      | Reached skill level 2 in Crossbows
   301 | D:1      | Reached XP level 2. HP: 23/23 MP: 3/3
   342 | D:1      | Learned a level 2 spell: Slow
   847 | D:1      | Reached XP level 3. HP: 29/29 MP: 4/4
  1232 | D:2      | Found a runed translucent door.
  1233 | D:2      | Noticed Crazy Yiuf
  1262 | D:2      | Noticed Sigmund
  1287 | D:2      | Killed Sigmund
  1288 | D:2      | Reached skill level 4 in Crossbows
  1288 | D:2      | Reached XP level 4. HP: 21/36 MP: 5/5
  1288 | D:2      | Reached XP level 5. HP: 24/41 MP: 6/6
  2235 | D:2      | Reached skill level 5 in Crossbows
  2311 | D:2      | Found a basalt altar of Yredelemnul.
  2450 | D:2      | Slain by Crazy Yiuf

Illustrated notes

Levels and vault maps discovered:
D:1:      lightli_arrival_maybe_door_vault, layout_basic
D:2:      layout_loops_corners, lemuel_round_altar, uniq_sigmund,
          uniq_crazy_yiuf_cottage

Skill      XL: |  1  2  3  4  5 |
---------------+----------------+-----
Crossbows      | 2 4 5 |  5.0
Fighting       | 2 |  2.1
Dodging        | 2 |  2.0
Spellcasting   | |  1.0
Hexes          | |  3.0

Action                   |  1- 3 |  4- 6 || total
-------------------------+-------+-------++-------
Melee: Short sword       |    34 |    30 ||    64
       Club              |     3 |       ||     3
 Fire: Hand crossbow     |    48 |     3 ||    51
 Cast: Corona            |     1 |       ||     1
       Slow              |       |     2 ||     2
  Use: Potion            |     2 |       ||     2
Armor: Robe              |    12 |     4 ||    16
Dodge: Dodged            |    44 |    15 ||    59
